 Dungeon Crawl Stone Soup version 0.19.5 (webtiles) character file.

56 failure1 the Stinger (level 3, -1/19 HPs)
             Began as a Deep Elf Venom Mage on Apr 22, 2017.
             Was a Follower of Elyvilon.
             Slain by Jerry's ghost (9 damage)
             ... on level 3 of the Dungeon.
             The game lasted 00:06:45 (2046 turns).

failure1 the Stinger (Deep Elf Venom Mage)          Turns: 2046, Time: 00:06:46

Health: -1/19      AC:  2    Str:  5    XL:     3   Next: 69%
Magic:  6/10       EV: 13    Int: 20    God:    Elyvilon [*.....]
Gold:   42         SH:  0    Dex: 15    Spells: 1 memorised, 8 levels left

rFire  . . .     SeeInvis .     (no weapon)
rCold  . . .     Gourm    .     a - +0 robe
rNeg   . . .     Faith    .     (no shield)
rPois  .         Spirit   .     (no helmet)
rElec  .         Reflect  .     (no cloak)
rCorr  .         Harm     .     (no gloves)
MR     .....                    (no boots)
Stlth  ++........               (no amulet)
                                (no ring)
                                (no ring)

@: no status effects
A: no striking features
a: Lesser Healing, Divine Protection, Renounce Religion


You were on level 3 of the Dungeon.
You worshipped Elyvilon.
Elyvilon was aware of your devotion.
You were not hungry.

You visited 1 branch of the dungeon, and saw 3 of its levels.

You collected 42 gold pieces.

Inventory:

Armour
 a - a +0 robe (worn)
Jewellery
 j - an uncursed ring of magical power {unknown}
 k - an uncursed ring of flight {unknown}
Scrolls
 d - a scroll of magic mapping {unknown}
 e - a scroll of noise {unknown}
 f - a scroll of remove curse {unknown}
 i - 3 scrolls of identify {unknown}
 m - a scroll of immolation {unknown}
 n - a scroll of blinking {unknown}
Potions
 g - a potion of curing {unknown}
 h - 2 potions of berserk rage {unknown}
 l - a potion of flight {unknown}
Books
 b - a Young Poisoner's Handbook

   Spells                             Type                      Level
   a - Sting                          Conjuration/Poison           1
   b - Mephitic Cloud                 Conjuration/Poison/Air       3
   c - Olgreb's Toxic Radiance        Poison                       4
   d - Alistair's Intoxication        Transmutation/Poison         5
   e - Venom Bolt                     Conjuration/Poison           5
Comestibles
 c - a bread ration
 o - a meat ration


   Skills:
 + Level 2.5 Dodging
 + Level 2.7 Stealth
 + Level 3.5 Spellcasting
 + Level 1.0 Conjurations
 + Level 5.4 Poison Magic


You had 8 spell levels left.
You knew the following spells:

 Your Spells              Type           Power        Failure   Level  Hunger
a - Sting                 Conj/Pois      ###.         3%          1    None


Dungeon Overview and Level Annotations

Branches:
Dungeon (3/15)

Altars:
Elyvilon

Annotations:
D:3 Jerry's ghost, amateur FoFi


Message History

The sting hits the dart slug.
The dart slug is poisoned.
The dart slug is moderately wounded.
Casting: Sting
Confirm with . or Enter, or press ? or * to list all spells.
Aiming: Sting
Press: ? - help, Shift-Dir - straight line, f/p - dart slug
Aim: a dart slug (heavily wounded, poisoned, clinging)
The sting hits the dart slug.
You kill the dart slug!
Jerry's ghost hits you!
Ouch! That really hurt!
Casting: Sting
Confirm with . or Enter, or press ? or * to list all spells.
Aiming: Sting
Press: ? - help, Shift-Dir - straight line, f - rat
Aim: a rat The sting hits the rat.
The rat is poisoned.
You kill the rat!
Jerry's ghost hits you!
You die...

# #. ## #..##.
#..#.. # ..... .#
... ..#
##†############...#
#..@W.......<..)..#
############..#.#.#
.........#
######...# #....
#.#... #. .... ..
.#### .. .+


You could see Jerry's ghost.

Vanquished Creatures
  Natasha (D:2)
  4 dart slugs
  2 bats
  3 goblins
  3 hobgoblins
  2 kobolds (D:2)
  A quokka (D:2)
  2 frilled lizards
  7 rats
25 creatures vanquished.

Notes
Turn   | Place    | Note
-------+----------+-------------------------------------------
     0 | D:1      | failure1 the Deep Elf Venom Mage began the quest for the Orb.
     0 | D:1      | Reached XP level 1. HP: 10/10 MP: 6/6
   399 | D:1      | Reached XP level 2. HP: 15/15 MP: 6/8
   880 | D:2      | Reached skill level 5 in Poison Magic
  1498 | D:2      | Found a faded altar of an unknown god.
  1506 | D:2      | Became a worshipper of Elyvilon the Healer
  1506 | D:2      | Reached * piety under Elyvilon
  1693 | D:2      | Noticed Natasha
  1710 | D:2      | Killed Natasha
  1710 | D:2      | Reached skill level 1 in Conjurations
  1710 | D:2      | Reached XP level 3. HP: 13/19 MP: 5/9
  2033 | D:3      | Noticed Jerry's ghost (amateur FoFi)
  2046 | D:3      | Slain by Jerry's ghost

Skill      XL: |  1  2 |
---------------+-------+-----
Poison Magic   | 5 |  5.4
Conjurations   | 1 |  1.0
Dodging        | |  2.5
Stealth        | |  2.7
Spellcasting   | |  3.5

Action                   || total
-------------------------++-------
 Cast: Sting             ||    50
  Eat: Chunk             ||     3
Armor: Robe              ||     2
Dodge: Dodged            ||    10
